 Dungeon Crawl Stone Soup version 0.25.1-1-g288607f5aa (webtiles) character file.

Game seed: 7101823535163876469

8495 Amplified the Fighter (level 11, -1/94 HPs)
             Began as a Vine Stalker Chaos Knight on June 28, 2020.
             Was a Plaything of Xom.
             Splashed by Sonja's acid (8 damage)
             ... on level 11 of the Dungeon on July 21, 2020.
             The game lasted 00:17:15 (9490 turns).

Amplified the Fighter (Vine Stalker Chaos Knight)   Turns: 9490, Time: 00:17:16

Health: -1/94      AC:  9    Str: 18    XL:     11   Next: 31%
Magic:  0/10       EV: 14    Int: 17    God:    Xom [..*...]
Gold:   680        SH:  0    Dex: 17    Spells: 10/10 levels left

rFire    + + .     SeeInvis .   s - +2 lajatang
rCold    + . .     Gourm    .   (shield currently unavailable)
rNeg     + . .     Faith    .   p - +1 ring mail "Yriuruc" {rF+ rC+ Str+2}
rPois    .         Spirit   +   (no helmet)
rElec    .         Reflect  .   l - +0 cloak
rCorr    .         Harm     .   o - +1 pair of gloves
MR       +....                  F - +0 pair of boots of Classification {rN+ Int+5 Dex+3} (curse)
Stlth    ..........             (no amulet)
HPRegen  0.65/turn              q - ring of protection from fire
MPRegen  0.12/turn              C - ring of stealth (curse)

@: berserking (expiring), lethally poisoned (-1 -> -3), corroded, slowed
A: fangs 3, blurry vision 1, clumsy 1, low mp 1, regeneration 1, shaggy fur 1,
magic shield, antimagic bite, no potion heal 3, rot immunity
a: Renounce Religion


You were on level 11 of the Dungeon.
You worshipped Xom.
You were a toy of Xom.
You were not hungry.

You visited 1 branch of the dungeon, and saw 11 of its levels.
You visited the Abyss 1 time.
You also visited: Bailey.

You collected 680 gold pieces.

Inventory:

Hand Weapons
 j - the +8 hand axe "Elostuo" {antimagic, rElec Str+3 Dex+3}
   (You took it off a gnoll shaman in a bailey)

   It reduces the magical energy of the wielder, and disrupts the spells and
   magical abilities of those hit.
   Natural abilities and divine invocations are not affected.
   It affects your strength (+3).
   It affects your dexterity (+3).
   It insulates you from electricity.
 s - a +2 lajatang (weapon)
Missiles
 g - 23 poisoned darts
 B - 2 throwing nets (quivered)
Armour
 b - a +2 leather armour
 l - a +0 cloak (worn)
 o - a +1 pair of gloves (worn)
 p - the +1 ring mail "Yriuruc" (worn) {rF+ rC+ Str+2}
   (You found it on level 8 of the Dungeon)

   It affects your strength (+2).
   It protects you from fire.
   It protects you from cold.
 F - the cursed +0 pair of boots of Classification (worn) {rN+ Int+5 Dex+3}
   (You found it on level 8 of the Dungeon)

   It affects your intelligence (+5).
   It affects your dexterity (+3).
   It protects you from negative energy.
   It has a curse placed upon it.
Jewellery
 q - a ring of protection from fire (left hand)
 u - an uncursed ring of flight
 C - a cursed ring of stealth (right hand)
Wands
 n - a wand of flame (24)
 w - a wand of random effects (20)
 H - a wand of paralysis (9)
 J - a wand of clouds (5)
Scrolls
 a - 2 scrolls of teleportation
 i - 5 scrolls of remove curse
 k - 3 scrolls of magic mapping
 v - 2 scrolls of immolation
 x - 8 scrolls of amnesia
 D - a scroll of fear
 G - a scroll of silence {unknown}
Potions
 d - a potion of cancellation
 e - 3 potions of flight
 f - 3 potions of lignification
 h - 3 potions of curing
 r - 2 potions of stabbing
 A - a potion of haste
Miscellaneous
 t - a phantom mirror
 y - a tin of tremorstones (3/3)
Comestibles
 c - 28 rations
 m - 9 chunks of flesh


   Skills:
 * Level 9.6 Fighting
   Level 4.0(6.8) Polearms
 * Level 8.7(9.1) Staves
 + Level 6.0 Armour
 + Level 5.8 Dodging


You had 10 spell levels left.
You didn't know any spells.
Your spell library contained the following spells:

 Spells                   Type           Power        Failure   Level  Hunger
 Animate Skeleton         Necr           N/A          36%         1    ##.....
 Foxfire                  Conj/Fire      #...         36%         1    ##.....
 Magic Dart               Conj           #...         36%         1    ##.....
 Pain                     Necr           #...         36%         1    ##.....
 Shock                    Conj/Air       #...         36%         1    ##.....
 Blink                    Tloc           N/A          52%         2    ###....
 Call Imp                 Summ           #.......     52%         2    ###....
 Slow                     Hex            #.......     52%         2    ###....
 Swiftness                Chrm/Air       #.......     52%         2    ###....
 Conjure Flame            Conj/Fire      #.......     75%         3    ####...
 Mephitic Cloud           Conj/Pois/Air  #.......     75%         3    ####...
 Spider Form              Tmut/Pois      #.........   75%         3    ####...
 Static Discharge         Conj/Air       #.......     75%         3    ####...
 Vampiric Draining        Necr           #.........   75%         3    ####...
 Animate Dead             Necr           N/A          98%         4    #####..
 Cause Fear               Hex            #.........   98%         4    #####..
 Agony                    Necr           #.......     100%        5    ######.
 Conjure Ball Lightning   Conj/Air       #.........   100%        6    #######
 Dragon Form              Tmut           #.........   100%        7    #######
 Dragon's Call            Summ           #.........   100%        9    #######


Dungeon Overview and Level Annotations

Branches:
Dungeon (11/15)            Temple (0/1) D:7            Lair (0/6) D:10
    Orc (0/2) D:10         Bailey (visited)

Altars:
Ashenzari
Cheibriados
Fedhas
Hepliaklqana
Qazlal
Ru
Trog
Uskayaw
Vehumet
Xom
Zin

Annotations:
D:8 2 transporters, SpaceButler's ghost, novice TrFi
D:11 Sonja


Innate Abilities, Weirdness & Mutations

You have razor-sharp teeth.
Your natural rate of healing is unusually fast.
When hurt, damage is shared between your health and your magic reserves.
Your bite disrupts and absorbs the magic of your enemies.
Potions cannot restore your health.
You are immune to rotting.
Scrolls take you a little longer to read.
You are clumsy. (Dex -2)
Your magical capacity is low. (-10% MP)
You are covered in fur. (AC +1)


Message History

Unknown command.
Unknown command.
Really walk into that dispersal trap?
You enter a dispersal trap!
You blink.
You feel sick.
Sonja throws a curare-tipped dart.
The curare-tipped dart hits you.
You are more poisoned.
You have difficulty breathing.
* * * LOW HITPOINT WARNING * * *
You feel as though you will be slow longer.
You see here a curare-tipped dart.
Unknown command.
Unknown command.
Unknown command.
You are too berserk!
You feel a strong urge to attack something.
You feel sick.
Sonja zaps a wand.
The bolt of acid hits you!
* * * LOW HITPOINT WARNING * * *
The acid corrodes you!
You are splashed with acid!
You die...
Xom is highly amused!

+....#.#####...#####..#
#.....................##
#....# .######.######..#
#....# #.......... #....#
###...###. #.(..# #...#
+....# #...# #.....
.########ยง..#######
#.........(...#.@........#
#.#.#.........#.(........#
#. ..........K(..........#
#######...........#
#....######## #........#
#.>......# #........#
#....../.#


You could see Sonja.

Vanquished Creatures
  Erica (D:8)
  An unseen horror (D:11)
  Pikel (D:5)
  A deep elf mage (D:9)
  An ugly thing (D:9)
  A centaur zombie (D:11)
  Prince Ribbit (D:5)
  3 hippogriffs
  Menkaure (D:6)
  A black bear (D:9)
  3 sky beasts
  4 ice beasts
  3 orc warriors
  A slave (D:5)
  6 ogres
  A centaur (D:7)
  2 big kobolds
  6 gnoll sergeants (Bailey)
  3 bullfrogs
  A wyvern skeleton (D:5)
  4 killer bees (D:9)
  8 wights
  3 howler monkeys
  3 crimson imps
  A quasit (D:11)
  5 jellies
  5 gnoll shamans (Bailey)
  5 hounds
  4 orc priests
  7 orc wizards
  2 iguanas
  7 worker ants
  A hound skeleton (D:9)
  2 worker ant zombies
  17 gnolls
  A howler monkey skeleton (D:7)
  A howler monkey zombie (D:9)
  10 adders
  3 oozes
  An adder zombie (D:9)
  2 adder skeletons
  3 worms
  5 dart slugs
  2 leopard geckos
  23 orcs
  5 giant cockroaches
  10 goblins
  6 hobgoblins
  6 jackals
  2 quokkas
  2 ball pythons
  9 bats
  3 frilled lizards
  11 kobolds
  5 rats
226 creatures vanquished.

Vanquished Creatures (collateral kills)
  An ogre (D:4)
  2 gnoll sergeants (Bailey)
  A gnoll shaman (Bailey)
  A worker ant (D:7)
  A howler monkey zombie (D:7)
  An orc (D:7)
7 creatures vanquished.

Vanquished Creatures (others)
  Psyche (D:9)
  A scorpion (D:5)
  A quokka skeleton (D:8)
  A plant (D:10)
4 creatures vanquished.

Grand Total: 237 creatures vanquished

Notes
Turn   | Place    | Note
-------+----------+-------------------------------------------
     0 | D:1      | Amplified the Vine Stalker Chaos Knight began the quest for
                  | the Orb.
     0 | D:1      | Reached XP level 1. HP: 11/11 MP: 2/2
   233 | D:1      | Reached XP level 2. HP: 16/16 MP: 3/3
   286 | D:1      | Reached skill level 1 in Dodging
   390 | D:1      | Reached skill level 3 in Fighting
   505 | D:1      | Reached XP level 3. HP: 20/20 MP: 4/4
   518 | D:1      | XOM: silly message
   852 | D:1      | XOM: cloud trail
  1834 | D:2      | Gained mutation: Your natural rate of healing is unusually
                  | fast. [Vine Stalker growth]
  1834 | D:2      | Reached XP level 4. HP: 24/24 MP: 5/5
  2136 | D:2      | XOM: cloud trail
  2330 | D:3      | XOM: god gift: plate armour {god gift}
  2331 | D:3      | XOM: 1-stop teleportation journey
  2654 | D:3      | Found a hazy altar of Hepliaklqana.
  2702 | D:3      | Found a faded altar of an unknown god.
  3108 | D:4      | Noticed an ogre
  3131 | D:4      | XOM: swap monsters
  3136 | D:4      | XOM: divination: detect creatures
  3142 | D:4      | Killed an ogre
  3142 | D:4      | Reached XP level 5. HP: 15/29 MP: 2/6
  3282 | D:4      | Found a blossoming altar of Fedhas.
  3532 | D:5      | Entered Level 5 of the Dungeon
  3551 | D:5      | XOM: cleaving
  3552 | D:5      | Reached skill level 4 in Fighting
  3563 | D:4      | Reached XP level 6. HP: 22/33 MP: 3/7
  3612 | D:5      | XOM: give mutations
  3612 | D:5      | Gained mutation: You are weak. (Str -2) [Xom's mischief]
  3612 | D:5      | Gained mutation: You have razor-sharp teeth. [Xom's
                  | mischief]
  3627 | D:5      | XOM: 2-stop teleportation journey
  3631 | D:5      | Reached skill level 1 in Staves
  3665 | D:5      | Noticed an ice beast
  3675 | D:5      | Killed an ice beast
  3727 | D:5      | Found a radiant altar of Vehumet.
  3749 | D:5      | XOM: confusion
  3752 | D:5      | XOM: 2-stop teleportation journey
  3829 | D:5      | Noticed Prince Ribbit
  3836 | D:5      | XOM: butterfly on damage
  3848 | D:5      | XOM: noise
  3925 | D:5      | Reached XP level 7. HP: 25/38 MP: 6/8
  3981 | D:5      | Noticed Pikel
  3986 | D:5      | Lost mutation: You are weak. (Str -2) [potion of mutation]
  3986 | D:5      | Gained mutation: Your magical capacity is low. (-10% MP)
                  | [potion of mutation]
  3986 | D:5      | Gained mutation: You are covered in fur. (AC +1) [potion of
                  | mutation]
  3986 | D:5      | Gained mutation: You have sharp toenails. [potion of
                  | mutation]
  4006 | D:5      | Killed Pikel
  4006 | D:5      | Reached skill level 5 in Fighting
  4006 | D:5      | Mutation became permanent: You have extremely sharp teeth.
                  | [Vine Stalker growth]
  4006 | D:5      | Gained mutation: You have razor-sharp teeth. [Vine Stalker
                  | growth]
  4006 | D:5      | Reached XP level 8. HP: 40/44 MP: 6/8
  4063 | D:5      | Killed Prince Ribbit
  4198 | D:5      | Found a bloodstained altar of Trog.
  4319 | D:5      | XOM: polymorph freed slave -> boggart
  4528 | D:6      | XOM: divination: magic mapping
  4531 | D:6      | XOM: butterfly on damage
  4532 | D:6      | XOM: summons 5 hostile demons
  4547 | D:6      | XOM: summons 5 hostile demons
  4567 | D:6      | XOM: cast spell 'Necromutation'
  4645 | D:6      | Reached skill level 6 in Fighting
  4676 | D:6      | Noticed Menkaure
  4691 | D:6      | Killed Menkaure
  4824 | D:6      | XOM: silly message
  4843 | D:6      | Noticed a -1 hand axe
  4844 | D:6      | Noticed a +0 hand axe
  4855 | D:6      | Found a hide-covered altar of Uskayaw.
  4863 | D:6      | XOM: noise
  5007 | D:6      | XOM: silly message
  5186 | D:7      | Found a shattered altar of Ashenzari.
  5286 | D:7      | Reached skill level 5 in Staves
  5286 | D:7      | Reached XP level 9. HP: 49/49 MP: 9/9
  5322 | D:7      | XOM: give mutations
  5322 | D:7      | Gained mutation: You are clumsy. (Dex -2) [Xom's mischief]
  5322 | D:7      | Lost mutation: You have sharp toenails. [Xom's mischief]
  5322 | D:7      | Gained mutation: Scrolls take you a little longer to read.
                  | [Xom's mischief]
  5347 | D:7      | XOM: give mutations
  5347 | D:7      | Lost mutation: Scrolls take you a little longer to read.
                  | [Xom's mischief]
  5347 | D:7      | Gained mutation: Scrolls take you a little longer to read.
                  | [Xom's mischief]
  5359 | D:7      | XOM: enchant monster (bad)
  5504 | D:7      | XOM: summons 6 friendly demons
  5566 | D:7      | Found a staircase to the Ecumenical Temple.
  5618 | D:7      | Found a sacrificial altar of Ru.
  5624 | D:7      | Reached skill level 7 in Fighting
  5666 | D:7      | XOM: god gift: hardcover book {god gift}
  5888 | D:8      | XOM: destruction
  5908 | D:8      | Noticed Erica
  5922 | D:9      | XOM: cleaving
  5924 | D:9      | XOM: potion effect (invisibility)
  5989 | D:8      | XOM: butterfly on damage
  5995 | D:8      | Killed Erica
  6113 | D:8      | Found a transporter.
  6151 | D:8      | Got a crude ring mail
  6154 | D:8      | Identified the +1 ring mail "Yriuruc" {rF+ rC+ Str+2} (You
                  | found it on level 8 of the Dungeon)
  6180 | D:8      | Reached XP level 10. HP: 56/56 MP: 10/10
  6222 | D:8      | Reached skill level 8 in Fighting
  6250 | D:8      | XOM: 7-stop teleportation journey
  6256 | D:8      | Reached skill level 5 in Armour
  6288 | D:8      | XOM: 5-stop teleportation journey
  6354 | D:8      | Noticed SpaceButler's ghost (novice TrFi)
  6355 | D:8      | Found a transporter.
  6355 | D:8      | Identified the +9 dire flail of Fixataic {venom, rN+}
  6355 | D:8      | Identified the +5 great mace "Orb Guardian's Foe" {freeze,
                  | +Inv rF+}
  6355 | D:8      | Noticed a two-headed ogre
  6436 | D:8      | Got a pair of pitted boots
  6448 | D:8      | Identified the cursed +0 pair of boots of Classification
                  | {rN+ Int+5 Dex+3} (You found it on level 8 of the Dungeon)
  6514 | D:8      | Found a stormy altar of Qazlal.
  6645 | D:8      | XOM: cloud trail
  6665 | D:8      | Found a glowing silver altar of Zin.
  6827 | D:9      | Noticed a two-headed ogre
  6847 | D:9      | XOM: scenery: create altars
  6857 | D:9      | Identified Hydeeb's Grimoire of Virous Weightlessness (Xom
                  | gifted it to you on level 9 of the Dungeon)
  6857 | D:9      | XOM: god gift: Hydeeb's Grimoire of Virous Weightlessness
  6872 | D:9      | XOM: swap monsters
  6924 | D:9      | Found a snail-covered altar of Cheibriados.
  6929 | D:9      | Noticed Psyche
  6931 | D:9      | Noticed a cyan ugly thing
  6946 | D:9      | Killed a cyan ugly thing
  6946 | D:9      | Reached skill level 5 in Dodging
  6946 | D:9      | Killed Psyche
  6997 | D:9      | XOM: silly message
  7001 | D:9      | XOM: confusion (+ monsters)
  7007 | D:9      | XOM: summons 2 friendly demons
  7037 | D:9      | XOM: enchant monster (bad)
  7316 | D:9      | Noticed a deep elf mage
  7320 | D:9      | XOM: smoke on damage
  7332 | D:9      | XOM: summons 9 friendly demons
  7339 | D:9      | Killed a deep elf mage
  7339 | D:9      | Reached skill level 9 in Fighting
  7480 | D:9      | XOM: potion effect (stabbing)
  7485 | D:9      | XOM: chaos upgrade
  7511 | D:9      | XOM: swap monsters
  7523 | D:10     | Entered Level 10 of the Dungeon
  7574 | D:10     | Found a staircase to the Lair.
  7622 | D:10     | XOM: stat loss: -1 Int (16/17)
  7627 | D:10     | Found a flagged portal.
  7650 | Bailey   | Entered a bailey
  7740 | Bailey   | XOM: confusion
  7746 | Bailey   | Reached XP level 11. HP: 24/62 MP: 10/10
  7748 | Bailey   | XOM: swap monsters
  7753 | Bailey   | XOM: 1-stop teleportation journey
  7899 | Bailey   | XOM: summons 9 friendly demons
  7981 | Bailey   | Identified the +8 hand axe "Elostuo" {antimagic, rElec
                  | Str+3 Dex+3}
  8060 | Bailey   | XOM: confuse monster(s)
  8170 | Bailey   | XOM: cast spell 'Ring of Flames'
  8171 | Bailey   | XOM: confuse monster(s)
  8353 | D:10     | XOM: god gift: 2 scrolls of amnesia
  8464 | D:10     | Found a staircase to the Orcish Mines.
  8547 | D:10     | XOM: cast spell 'Leda's Liquefaction'
  8658 | D:10     | XOM: god gift: 47 gold pieces
  8916 | D:10     | XOM: divination: detect items
  9001 | D:11     | XOM: repel stairs
  9008 | D:11     | XOM: silly message
  9053 | D:10     | Upgraded the game from 0.25.0-15-gac7dcb8919 to
                  | 0.25.1-1-g288607f5aa
  9238 | D:11     | XOM: confusion
  9245 | D:11     | XOM: silly message
  9326 | D:11     | XOM: 2-stop teleportation journey
  9358 | D:11     | Killed an unseen horror
  9477 | D:11     | Noticed Sonja
  9487 | D:11     | Cast into level 1 of the Abyss (Sonja)
  9487 | D:11     | Escaped the Abyss
  9487 | D:11     | XOM: revert banishment
  9490 | D:11     | Splashed by Sonja's acid

Illustrated notes

Levels and vault maps discovered:
D:1:      dpeg_arrival_leaves_temple_mockup, layout_loops_ring,
          hangedman_decor_growths
D:2:      layout_basic, minmay_misc_feat_diagonals
D:3:      layout_loops_corners, lemuel_round_altar,
          chequers_ecumenical_altar_island, nrook_campfire
D:4:      layout_rooms, fedhas_altar_1, first_ration
D:5:      layout_gridville, lemuel_doored_altar, lemuel_statue_altar,
          uniq_pikel, uniq_prince_ribbit1
D:6:      layout_rooms, dancing_weapons_uskayaw, hangedman_glass_teeth,
          minmay_fractal_squares_diagonal_5, uniq_menkaure
D:7:      layout_rooms, nicolae_ru_the_path_less_chosen,
          overflow_temple_1_default, minmay_temple_entry_gardened_gates,
          grunt_ogre_cave, hangedman_abyss_or_decor_lesser_grid,
          corexii_corridor_pit
D:8:      layout_loops_ring, zin_academy, nicolae_qazlal_general_emergency,
          gammafunk_ghost_smash, uniq_erica
D:9:      kennysheep_big_flooded_room, layout_rooms, cheibriados_altar_1,
          minmay_shattered_shrine, uniq_psyche
D:10:     layout_stronghold, dpeg_oklobed_lair, orc_0_dummy, enter_bailey_3,
          worms_lemuel
D:11:     minmay_the_grid_square_5x5_4x4
          [minmay_the_grid_square_5x5_intrusive_squares,
          minmay_the_grid_square_5x5_fancy_junction,
          minmay_the_grid_square_5x5_tie, minmay_the_grid_square_5x5_bite,
          minmay_the_grid_square_5x5_checkered_statues,
          minmay_the_grid_square_5x5_prize_rear_guard,
          minmay_the_grid_square_5x5_prize_waves,
          minmay_the_grid_square_5x5_eight_small,
          minmay_the_grid_square_5x5_forky,
          minmay_the_grid_square_5x5_prize_itemx,
          minmay_the_grid_square_5x5_prize_deathbox,
          minmay_the_grid_square_5x5_two_walls_b,
          minmay_the_grid_square_5x5_shrine2, minmay_the_grid_square_5x5_meh,
          minmay_the_grid_square_5x5_inner_i, minmay_the_grid_square_5x5_two],
          layout_basic, lemuel_blue_sif_altar, uniq_sonja

Skill      XL: |  1  2  3  4  5  6  7  8  9 10 11 |
---------------+----------------------------------+-----
Dodging        | 1 2 3 4 5 |  5.8
Fighting       | 3 4 5 6 7 9 |  9.6
Polearms       | 3 4 |  4.0
Armour         | 2 3 4 5 6 |  6.0
Staves         | 2 3 5 6 8 |  8.7

Action                   |  1- 3 |  4- 6 |  7- 9 | 10-12 || total
-------------------------+-------+-------+-------+-------++-------
Melee: Spear             |    78 |       |       |       ||    78
       Bite              |    17 |    28 |    48 |    98 ||   191
       Short sword       |    27 |    69 |       |       ||    96
       Lajatang          |       |    56 |   171 |   302 ||   529
       Kick              |       |       |    17 |       ||    17
Throw: Dart              |       |       |     1 |       ||     1
       Throwing net      |       |       |       |     4 ||     4
Evoke: Wand              |       |     6 |    12 |    25 ||    43
  Use: Scroll            |       |     9 |     6 |     7 ||    22
       Potion            |       |     2 |     7 |     5 ||    14
 Stab: Sleeping          |     1 |     2 |     2 |     3 ||     8
       Invisible         |       |       |     2 |     1 ||     3
       Confused          |       |       |       |     1 ||     1
       Held in net/web   |       |       |       |     1 ||     1
  Eat: Chunk             |     3 |     3 |     4 |    11 ||    21
       Ration            |       |     1 |     1 |       ||     2
Armor: Leather armour    |    31 |    38 |    80 |       ||   149
       Skin              |       |     5 |       |    11 ||    16
       Ring mail         |       |       |     1 |   168 ||   169
Dodge: Dodged            |    56 |    80 |   192 |   270 ||   598
